 Dungeon Crawl Stone Soup version 0.27.1-4-g1640c2035a (webtiles) character file.

Game seed: 3440738408238843787

95 styxcanada the Sneak (level 4, 0/23 HPs)
             Began as a Spriggan Brigand on Nov 13, 2021.
             Killed by divine providence
             ... invoked by an orc priest
              (12 damage)
             ... on level 3 of the Dungeon.
             The game lasted 00:07:02 (2793 turns).

styxcanada the Sneak (Spriggan Brigand)             Turns: 2793, Time: 00:07:03

Health: 0/23       AC:  3    Str:  7    XL:     4   Next: 39%
Magic:  5/5        EV: 17    Int: 12    God:
Gold:   93         SH:  0    Dex: 17    Spells: 3/3 levels left

rFire    . . .     SeeInvis +   a - +2 dagger
rCold    . . .     Faith    .   (shield restricted)
rNeg     . . .     Spirit   .   b - +0 robe
rPois    .         Reflect  .   (helmet restricted)
rElec    .         Harm     .   c - +0 cloak
rCorr    .         Rampage  .   (gloves unavailable)
Will     .....                  (boots unavailable)
Stlth    ++++......             (no amulet)
HPRegen  0.07/turn              (no ring)
MPRegen  0.09/turn              (no ring)

@: very quick
A: very small, no large weapons, unfitting armour, see invisible, speed 3
a: no special abilities


You were on level 3 of the Dungeon.
You visited 1 branch of the dungeon, and saw 3 of its levels.

You collected 93 gold pieces.

Inventory:

Hand Weapons
 a - a +2 dagger (weapon)
Missiles
 d - 23 poisoned darts (quivered)
 e - 2 curare-tipped darts
 g - 49 stones
Armour
 b - a +0 robe (worn)
 c - a +0 cloak (worn)
Wands
 m - a wand of polymorph (9)
Scrolls
 f - a scroll of holy word {unknown}
 h - a scroll of enchant weapon {unknown}
 n - a scroll of brand weapon {unknown}
 o - a scroll of magic mapping {unknown}
 p - a scroll of acquirement {unknown}
Potions
 i - a potion of magic {unknown}
 j - a potion of haste {unknown}
 k - a potion of might {unknown}
 l - a potion of lignification {unknown}


   Skills:
 * Level 2.0 Fighting
 + Level 2.4 Short Blades
 + Level 2.1 Throwing
 * Level 2.9 Dodging
 * Level 7.6 Stealth
 * Level 0.8 Evocations


You had 3 spell levels left.
You didn't know any spells.
Your spell library contained the following spells:

 Spells                   Type           Power      Damage    Failure   Level
 Hailstorm                Conj/Ice       0%         3d3       97%         4
 Ice Form                 Ice/Tmut       0%         N/A       97%         4
 Simulacrum               Ice/Necr       0%         N/A       100%        6


Dungeon Overview and Level Annotations

Branches:
Dungeon (2/15)

Altars:
Fedhas
Nemelex Xobeh
Qazlal

Shops:
D:2 ==[[


Innate Abilities, Weirdness & Mutations

You are very small and have problems with some larger weapons.
You are too small for most types of armour.
You have supernaturally acute eyesight. (SInv)
You cover ground extremely quickly. (Speed+++)


Message History

There is an open door here.
You open the door.
There is an open door here.
You open the door.
There is an open door here.
You open the door.
An orc and an orc wizard come into view. 2 orcs and an orc priest come into view.
The orc priest is wielding a +1 mace of holy wrath.
There is an open door here.
The helpless orc fails to defend itself.
You spit the orc like a pig!!!
You kill the orc!
The helpless orc wizard fails to defend itself.
You impale the orc wizard!!
You kill the orc wizard!
Your Fighting skill increases to level 2!
You have reached level 4!
The helpless orc fails to defend itself.
You spit the orc like a pig!!!
You kill the orc!
The orc priest invokes the aid of Beogh against you.
Beogh smites you!
The orc shouts!
The orc priest barely misses you.
Things that are here:
a +0 whip; an orc corpse You barely miss the orc priest.
The orc priest completely misses you. The orc barely misses you.
There is an open door here.
The orc priest casts a cantrip, but nothing happens.
Throw: 24 darts (poison)
Press: ? - help, Q - select action, (/) - cycle Shift-Dir - straight line, f - orc
Aim: an orc, wielding a +0 club (62% to hit)
You throw a poisoned dart.
The poisoned dart barely misses the orc.
The orc priest calls down the wrath of Beogh upon you.
Beogh smites you!
Ouch! That really hurt!
You die...

#.######......
####.# ......
#....## ......
#.##..# .. .. #
###'###+###+###..
#..#.......#..#..
#.#..#.......#..#.#
#.+..'###+###+..+.#
#.#..#.'...+.#@.#.#
#.#..#.#...#.#.o#)#
#.+##'.#._.#.'##')#
#.#..#.#...#.#..#(#
#.#..#.+...+.#..#o#
#.'..'###+###'..'.#
#.#..#.......#..###
#.#..#.......#..#
#.###+###'###'###


You could see an orc priest and an orc.

Vanquished Creatures
  An orc wizard (D:3)
  An adder (D:2)
  A worm (D:2)
  A dart slug (D:1)
  2 orcs (D:3)
  3 endoplasms (D:1)
  4 giant cockroaches
  5 goblins
  3 hobgoblins
  4 jackals (D:3)
  3 quokkas (D:1)
  8 ball pythons
  4 bats
  3 frilled lizards (D:1)
  3 kobolds (D:1)
  2 rats
48 creatures vanquished.

Notes
Turn   | Place    | Note
-------+----------+-------------------------------------------
     0 | D:1      | styxcanada the Spriggan Brigand began the quest for the
                  | Orb.
     0 | D:1      | Reached XP level 1. HP: 10/10 MP: 2/2
    23 | D:1      | Reached skill level 6 in Stealth
   140 | D:1      | Reached XP level 2. HP: 13/14 MP: 3/3
  1000 | D:1      | Reached XP level 3. HP: 18/18 MP: 4/4
  1355 | D:2      | Found Okhlaci's Jewellery Shoppe.
  1356 | D:2      | Found Weucial's Jewellery Shoppe.
  1389 | D:2      | Found Mohy's Armour Boutique.
  1401 | D:2      | Reached skill level 7 in Stealth
  1621 | D:2      | Found a sparkling altar of Nemelex Xobeh.
  1699 | D:2      | Found a faded altar of an unknown god.
  1888 | D:2      | Found Sysy's Armour Shop.
  2387 | D:2      | You fall into a shaft and drop 1 floor!
  2391 | D:3      | Found a stormy altar of Qazlal.
  2741 | D:3      | Found a blossoming altar of Fedhas.
  2785 | D:3      | Reached XP level 4. HP: 23/23 MP: 5/5
  2793 | D:3      | Killed from afar by an orc priest

Illustrated notes

Levels and vault maps discovered:
D:1:      nzn_arrival_crosshair, layout_basic
D:2:      layout_basic, basic_altar, serial_shops, shop,
          nicolae_shop_window_shopping,
          nicolae_shop_temple_entry_statues_fountains, nicolae_lakefront_shop,
          hellmonk_ecumenical_altar_run_dry, kennysheep_small_spiral,
          mrwooster_statue_mirror, kennysheep_decorative_pillar
D:3:      layout_basic, mainiacjoe_overflow_tiny_flanked,
          mainiacjoe_overflow_24_doors, nicolae_qazlal_general_emergency,
          mainiacjoe_overflow_surrounded_room, solitary_fountain,
          minmay_misc_feat_secret_circle, kennysheep_minor_cross, uniq_natasha

Skill      XL: |  1  2  3 |
---------------+----------+-----
Stealth        | 6 7 |  7.6
Dodging        | 2 |  2.9
Fighting       | 2 |  2.0
Short Blades   | |  2.4
Throwing       | |  2.1
Evocations     | |  0.8

Action                   |  1- 3 |  4- 6 || total
-------------------------+-------+-------++-------
Melee: Dagger            |   140 |     2 ||   142
Throw: Dart              |    14 |     1 ||    15
 Stab: Sleeping          |    18 |     1 ||    19
Armor: Robe              |    16 |       ||    16
Dodge: Dodged            |   123 |     3 ||   126
